 Dungeon Crawl Stone Soup version 0.21.1-1-g345015f (webtiles) character file.

44 lyrx the Conjurer (level 3, -2/24 HPs)
             Began as a Demonspawn Conjurer on Apr 5, 2018.
             Slain by a hound (3 damage)
             ... on level 2 of the Dungeon.
             The game lasted 00:07:36 (1439 turns).

lyrx the Conjurer (Demonspawn Conjurer)             Turns: 1439, Time: 00:07:37

Health: -2/24      AC:  2    Str:  8    XL:     3   Next: 41%
Magic:  3/6        EV: 12    Int: 17    God:
Gold:   59         SH:  0    Dex: 13    Spells: 5/6 levels left

rFire    . . .     SeeInvis .   d - +2 mace (venom)
rCold    . . .     Gourm    .   (no shield)
rNeg     . . .     Faith    .   a - +0 robe
rPois    .         Spirit   .   (no helmet)
rElec    .         Reflect  .   (no cloak)
rCorr    .         Harm     .   (no gloves)
MR       .....                  (no boots)
Stlth    ++........             (no amulet)
HPRegen  0.08/turn              (no ring)
MPRegen  0.10/turn              (no ring)

@: no status effects
A: powered by death 1, rot immunity
a: no special abilities


You were on level 2 of the Dungeon.
You were not hungry.

You visited 1 branch of the dungeon, and saw 2 of its levels.

You collected 59 gold pieces.

Inventory:

Hand Weapons
 d - a +2 mace of venom (weapon)
Missiles
 e - 5 tomahawks of returning (quivered)
Armour
 a - a +0 robe (worn)
Scrolls
 f - a scroll of amnesia {unknown}
 k - a scroll of enchant armour {unknown}
 m - a scroll of magic mapping {unknown}
Potions
 g - a potion of lignification {unknown}
 i - a potion of flight {unknown}
 j - a potion of magic {unknown}
 l - a potion of mutation {unknown}
Books
 b - a book of Conjurations

   Spells                             Type                      Level
   a - Magic Dart                     Conjuration                  1
   b - Searing Ray                    Conjuration                  2
   c - Dazzling Spray                 Conjuration/Hexes            3
   d - Fulminant Prism                Conjuration/Hexes            4
   e - Force Lance                    Conjuration/Translocation    4
   f - Iskenderun's Mystic Blast      Conjuration                  4
Comestibles
 c - a ration
 h - 9 chunks of flesh


   Skills:
 - Level 1.7 Dodging
 - Level 1.7 Stealth
 - Level 2.0 Spellcasting
 * Level 5.2 Conjurations


You had 5 spell levels left.
You knew the following spells:

 Your Spells              Type           Power        Failure   Level  Hunger
a - Magic Dart            Conj           ###.         2%          1    #......


Dungeon Overview and Level Annotations

Branches:
Dungeon (2/15)

Altars:


Innate Abilities, Weirdness & Mutations

You regenerate a little health from kills.
You are immune to rotting.


Message History

Aiming: Magic Dart
Press: ? - help, Shift-Dir - straight line, f/p - hound
Aim: a hound (lightly wounded)
The magic dart hits the hound.
The hound is lightly wounded.
The hound bites you. The hound closely misses you.
You barely miss the hound.
The hound is lightly wounded.
The hound closely misses you.
The hound stops to sniff the ground.
The hound bites you but does no damage.
You hit the hound but do no damage.
The hound is poisoned.
The hound is lightly wounded.
The hound bites you.
* * * LOW HITPOINT WARNING * * *
The hound barely misses you. The hound bites you.
* * * LOW HITPOINT WARNING * * *
The hound bites you.
You die...

#.#...#........# ##.##
..............# ###...#
...###.......# #...#.#
####..###########
#.#...# .##......# ###
#.##### ....##...#
##.## #.#
.##......#####...## #.#
..........l##..h..###.#
#........#s)K.Sh@.....#
.........####.....#####
.....K...# ##...##
.#.....### ##.##
#>....# ### #.###.# #.
..# .. .## ##. #


You could see a hound, a jackal, a giant cockroach, a ball python, a kobold and
a frilled lizard.

Vanquished Creatures
  2 dart slugs (D:1)
  A leopard gecko (D:1)
  4 bats (D:1)
  4 goblins
  10 hobgoblins
  2 jackals (D:2)
  3 frilled lizards (D:1)
  7 kobolds
  A rat (D:1)
34 creatures vanquished.

Notes
Turn   | Place    | Note
-------+----------+-------------------------------------------
     0 | D:1      | lyrx the Demonspawn Conjurer began the quest for the Orb.
     0 | D:1      | Reached XP level 1. HP: 13/13 MP: 3/3
   234 | D:1      | Gained mutation: You are immune to rotting. [demonic ancestry]
   234 | D:1      | Reached XP level 2. HP: 9/19 MP: 5/5
   987 | D:1      | Reached skill level 5 in Conjurations
  1047 | D:1      | Gained mutation: You regenerate a little health from kills. [demonic ancestry]
  1047 | D:1      | Reached XP level 3. HP: 24/24 MP: 4/6
  1437 | D:2      | HP: 1/24 [hound (5)]
  1439 | D:2      | Slain by a hound

Skill      XL: |  1  2 |
---------------+-------+-----
Conjurations   | 5 |  5.2
Dodging        | |  1.7
Stealth        | |  1.7
Spellcasting   | |  2.0

Action                   || total
-------------------------++-------
Melee: Mace              ||    52
       Unarmed           ||    10
 Cast: Magic Dart        ||    36
 Stab: Sleeping          ||     1
  Eat: Chunk             ||     2
Armor: Robe              ||    15
Dodge: Dodged            ||    53
